 Dungeon Crawl Stone Soup version 0.28.0-43-g3370ac3207 (webtiles) character file.

Game seed: 612973251609367321

19133 sanboga the Cleaver (level 12, -3/79 HPs)
             Began as a Gargoyle Fighter on Mar 8, 2022.
             Was a Priest of Trog.
             Slain by a minotaur
             ... wielding a +0 glaive
              (18 damage)
             ... in a Gauntlet.
             The game lasted 00:25:59 (14644 turns).

sanboga the Cleaver (Gargoyle Fighter)             Turns: 14644, Time: 00:26:00

Health: -3/79      AC: 33    Str: 25    XL:     12   Next: 65%
Magic:  5/12       EV: 10    Int:  9    God:    Trog [***...]
Gold:   644        SH: 16    Dex: 12    Spells: 11/11 levels left

rFire   + + +      SeeInvis .   b - +2 hand axe of Classification {vorpal, rF++ Dex+3}
rCold   + + .      Faith    .   A - +0 tower shield
rNeg    + . .      Spirit   .   p - +3 chain mail {rC+}
rPois   ∞          Reflect  .   r - +0 helmet
rElec   +          Harm     .   G - scarf {rC+ rF+}
rCorr   .          Rampage  .   g - +0 pair of gloves {infuse}
Will    .....      NoTele   +   l - +1 pair of boots
Stlth   ..........              (no amulet)
HPRegen 0.23/turn               s - +4 ring of protection
MPRegen 0.13/turn               F - +4 ring of evasion

@: mighty, on berserk cooldown, hasted and slowed
A: sickness immunity, AC +8, negative energy resistance 1, electricity
resistance, torment resistance 1, petrification resistance
a: Renounce Religion, Berserk, Trog's Hand


You were in a Gauntlet.
You worshipped Trog.
Trog was most pleased with you.
You visited 2 branches of the dungeon, and saw 13 of its levels.
You also visited: Gauntlet.

You collected 868 gold pieces.
You spent 224 gold pieces at shops.

Inventory:

Hand Weapons
 a - a +0 war axe
 b - the +2 hand axe of Classification (weapon) {vorpal, rF++ Dex+3}
   (You found it on level 7 of the Dungeon)

   It inflicts extra damage upon your enemies.
   Dex:       It affects your dexterity (+3).
   rF:        It greatly protects you from fire.
 x - a +2 scimitar of flaming
Armour
 g - a +0 pair of gloves of infusion (worn)
 l - a +1 pair of boots (worn)
 p - a +3 chain mail of cold resistance (worn)
 r - a +0 helmet (worn)
 A - a +0 tower shield (worn)
 G - a scarf of resistance (worn)
Jewellery
 f - the ring "Xium" {*Corrode *Slow +Blink rC+ Dex+6}
   (You found it in a Gauntlet)

   [ring of protection from cold]

   Dex:       It affects your dexterity (+6).
   rC:        It protects you from cold.
   +Blink:    It lets you blink.
   *Corrode:  It may corrode you when you take damage.
   *Slow:     It may slow you when you take damage.
 s - a +4 ring of protection (left hand)
 t - a ring of ice
 y - a ring of protection from fire
 F - a +4 ring of evasion (right hand)
Wands
 c - a wand of flame (12)
 j - a wand of digging (4)
 D - a wand of mindburst (6)
Scrolls
 h - 3 scrolls of fear
 k - a scroll of silence
 m - a scroll of blinking
 n - 3 scrolls of fog
 o - 2 scrolls of enchant armour
 w - a scroll of holy word
 B - 2 scrolls of teleportation
Potions
 d - a potion of might
 e - 2 potions of cancellation {unknown}
 i - a potion of resistance {unknown}
 q - a potion of haste
 u - 7 potions of curing
 v - a potion of flight {unknown}
 z - 3 potions of degeneration {unknown}
 C - 2 potions of lignification {unknown}
 E - a potion of ambrosia {unknown}


   Skills:
 + Level 10.7 Fighting
 * Level 12.2 Axes
 + Level 10.7 Armour
 + Level 10.7 Shields


You had 11 spell levels left.
You didn't know any spells.
Your spell library contained the following spells:

 Spells                   Type           Power      Damage    Failure   Level
 Magic Dart               Conj           0%         1d3       100%        1
 Shock                    Conj/Air       0%         1d3       100%        1
 Searing Ray              Conj           0%         2d4       100%        2
 Conjure Flame            Conj/Fire      0%         6-21      100%        3
 Ignite Poison            Fire/Tmut/Pois 0%         N/A       100%        3
 Airstrike                Air            0%         N/A       100%        4
 Fulminant Prism          Conj/Hex       0%         3d6       100%        4
 Sticky Flame             Conj/Fire      0%         2d3       100%        4
 Chain Lightning          Conj/Air       0%         N/A       100%        9


Dungeon Overview and Level Annotations

Branches:
Dungeon (12/15)            Temple (1/1) D:4            Lair (0/6) D:10
    Orc (0/2) D:12        Gauntlet (1/1)

Altars:
Cheibriados
Elyvilon
Fedhas
Hepliaklqana
Nemelex Xobeh
Okawaru
Qazlal
Ru
Sif Muna
Trog
Uskayaw
Vehumet
Yredelemnul
Zin
The Shining One

Shops:
D:8 [   D:11 (

Annotations:
Gauntlet 8 transporters, 2 runed translucent doors


Innate Abilities, Weirdness & Mutations

You are immune to sickness and miasma.
Your stone body is resilient. (AC +8)
You are immune to poison.
You resist negative energy. (rN+)
You are resistant to electric shocks. (rElec)
You are resistant to unholy torment.
You are immune to petrification.


Message History

The minotaur throws a silver javelin.
The silver javelin pierces through you but does no damage.
The minotaur hits you with a +0 glaive!!
The minotaur gores you but does no damage.
You're still recovering from your berserk rage.
You barely miss the minotaur.
The minotaur furiously retaliates!
The minotaur headbutts you, but does no damage.
The minotaur closely misses you. You block the minotaur's attack.
You hit the minotaur.
The minotaur is lightly wounded.
The minotaur barely misses you. You block the minotaur's attack.
The minotaur closely misses you.
The minotaur gores you but does no damage.
You hit the minotaur but do no damage.
Your skin stops crawling.
You feel less strong-willed. You block the minotaur's attack. x2
You barely miss the minotaur.
The minotaur furiously retaliates!
The minotaur headbutts you, but does no damage.
You block the minotaur's attack.
The minotaur gores you but does no damage.
The minotaur hits you but does no damage.
The minotaur gores you but does no damage.
You hit the minotaur but do no damage. The minotaur hits you with a +0 glaive!
The minotaur gores you but does no damage.
You barely miss the minotaur. The minotaur closely misses you.
You block the minotaur's attack. x2
The minotaur gores you but does no damage.
You hit the minotaur but do no damage.
The minotaur hits you but does no damage.
The minotaur gores you!
You feel very mighty all of a sudden. You block the minotaur's attack.
The minotaur completely misses you.
The minotaur hits you with a +0 glaive!!
You block the minotaur's attack.
You feel yourself speed up. The minotaur hits you with a +0 glaive!
* * * LOW HITPOINT WARNING * * *
You block the minotaur's attack.
You hit the minotaur but do no damage.
The minotaur hits you with a +0 glaive!!
You die...

.^#.#©#...≈##. .#
#.#.=##...###.♣.##
#.#:..#.♣..##....
#^©####.....#.♣.# ##
#.^..^#...♣.#...##..
.####.#.....#.©.... #
......#.....#...# ##...
#######.....#.©.##....#
.........∩..#...@H.#
#######.....#.©.##.#
..J...#.....#...##...
#+###}#.....#.©.... #.#
#..≈#.#..P♣.#...##. ..
#.©≈#©#.....#.♣.# #
#..≈#=#.♣..##.....
#+###$#.P.###.♣.##.
......#...≈##...#


You could see a minotaur.

Vanquished Creatures
  A blizzard demon (Gauntlet)
  Snorg (D:11)
  Fannar (D:10)
  2 hydras
  Erica (D:10)
  A two-headed ogre (D:9)
  A tengu warrior (D:9)
  Sonja (D:10)
  Pikel (D:9)
  An ugly thing (D:6)
  2 oklob plants (D:10)
  Joseph (D:9)
  Maurice (D:9)
  An eye of devastation (Gauntlet)
  A gargoyle (D:10)
  Psyche (D:11)
  A kobold demonologist (D:9)
  3 trolls
  Grinder (D:5)
  2 shadows
  4 wraiths
  A vampire (D:10)
  14 yaks
  4 wyverns (D:9)
  4 basilisks
  Grum (D:10)
  Menkaure (D:7)
  A vampire mosquito (D:9)
  3 swamp worms (Gauntlet)
  2 water moccasins
  A floating eye (Gauntlet)
  An ice beast (D:5)
  2 sky beasts
  2 necrophages
  3 orc warriors
  2 ogres
  4 wolves (D:10)
  3 centaurs (D:9)
  5 kobold brigands
  4 lemures (D:9)
  5 bullfrogs
  2 gnoll sergeants
  2 scorpions (D:5)
  5 wights
  A killer bee (D:6)
  3 howler monkeys
  3 centaur zombies
  4 hounds
  3 bullfrog skeletons
  5 orc priests
  2 centaur skeletons
  5 iguanas
  Terence (D:2)
  10 orc wizards
  A hound skeleton (D:4)
  2 howler monkey zombies
  20 gnolls
  8 adders
  A shadow imp (D:5)
  A white imp (D:3)
  2 ufetubi
  An adder skeleton (D:4)
  2 worms
  41 orcs
  2 bats (D:2)
  5 endoplasms
  3 giant cockroaches
  10 goblins
  10 hobgoblins
  4 jackals (D:2)
  7 quokkas
  8 ball pythons
  9 frilled lizards
  19 kobolds
  6 rats
300 creatures vanquished.

Vanquished Creatures (others)
  A kobold (D:11)
  5 fungi (D:2)
  6 plants
12 creatures vanquished.

Grand Total: 312 creatures vanquished

Notes
Turn   | Place    | Note
-------+----------+-------------------------------------------
     0 | D:1      | sanboga the Gargoyle Fighter began the quest for the Orb.
     0 | D:1      | Reached XP level 1. HP: 14/14 MP: 1/1
    97 | D:1      | Reached skill level 2 in Axes
   102 | D:1      | Reached XP level 2. HP: 12/19 MP: 2/2
   643 | D:1      | Reached XP level 3. HP: 23/23 MP: 1/3
  1168 | D:2      | Reached XP level 4. HP: 24/29 MP: 1/4
  1175 | D:2      | Reached skill level 3 in Axes
  1282 | D:2      | Noticed Terence
  1286 | D:2      | Killed Terence
  1287 | D:2      | Reached XP level 5. HP: 18/33 MP: 2/5
  1602 | D:2      | Found a faded altar of an unknown god.
  1610 | D:2      | Got Plato's Reference Book on Attacks
  2279 | D:3      | Reached XP level 6. HP: 38/38 MP: 4/6
  2522 | D:3      | Found a shimmering blue altar of Sif Muna.
  3564 | D:3      | Reached skill level 4 in Axes
  4008 | D:4      | Reached XP level 7. HP: 44/44 MP: 5/7
  4045 | D:4      | Got the Papyrus of Air
  4428 | D:4      | Found a staircase to the Ecumenical Temple.
  4463 | Temple   | Entered the Ecumenical Temple
  4513 | Temple   | Became a worshipper of Trog the Wrathful
  4578 | D:5      | Entered Level 5 of the Dungeon
  4664 | D:5      | Noticed Grinder
  4683 | D:5      | Paralysed by Grinder for 2 turns
  4688 | D:5      | Killed Grinder
  4689 | D:5      | Reached skill level 5 in Fighting
  4689 | D:5      | Reached skill level 5 in Axes
  4689 | D:5      | Reached skill level 5 in Armour
  4689 | D:5      | Reached skill level 5 in Shields
  4976 | D:5      | Reached XP level 8. HP: 49/49 MP: 4/8
  5032 | D:5      | Reached * piety under Trog
  5473 | D:5      | Reached skill level 6 in Axes
  5900 | D:5      | Found a snail-covered altar of Cheibriados.
  6039 | D:6      | Noticed a red ugly thing
  6048 | D:6      | Killed a red ugly thing
  6049 | D:6      | Reached skill level 7 in Axes
  6049 | D:6      | Reached XP level 9. HP: 42/56 MP: 0/9
  6210 | D:6      | Found a hide-covered altar of Uskayaw.
  6245 | D:6      | Found a hazy altar of Hepliaklqana.
  6444 | D:6      | Reached ** piety under Trog
  6896 | D:7      | Noticed Menkaure
  6904 | D:7      | Killed Menkaure
  7183 | D:7      | Found a white marble altar of Elyvilon.
  7503 | D:7      | Identified the +2 hand axe of Classification {vorpal, rF++
                  | Dex+3}
  7765 | D:8      | Found a radiant altar of Vehumet.
  8010 | D:8      | Reached skill level 8 in Axes
  8509 | D:8      | Found Deixt's Antique Armour Shoppe.
  8517 | D:8      | Bought an embroidered scarf for 224 gold pieces
  8576 | D:8      | Reached XP level 10. HP: 63/63 MP: 1/10
  8918 | D:9      | Noticed a two-headed ogre
  8931 | D:9      | Killed a two-headed ogre
  8932 | D:9      | Reached skill level 9 in Axes
  9179 | D:9      | Reached *** piety under Trog
  9241 | D:9      | Noticed Joseph
  9264 | D:9      | Killed Joseph
  9367 | D:9      | Noticed Maurice
  9379 | D:9      | Killed Maurice
  9380 | D:9      | Reached XP level 11. HP: 34/69 MP: 5/11
  9594 | D:9      | Noticed Pikel
  9605 | D:9      | Killed Pikel
  9606 | D:9      | Reached skill level 10 in Axes
  9756 | D:9      | Noticed a tengu warrior
  9767 | D:9      | Killed a tengu warrior
 10434 | D:10     | Entered Level 10 of the Dungeon
 10706 | D:10     | Found a sparkling altar of Nemelex Xobeh.
 10973 | D:10     | Found a staircase to the Lair.
 10975 | D:10     | Noticed an oklob plant
 11000 | D:10     | Noticed an oklob plant
 11002 | D:10     | Noticed Grum
 11027 | D:10     | Killed Grum
 11829 | D:10     | Noticed Fannar
 11847 | D:10     | Killed Fannar
 11848 | D:10     | Reached skill level 11 in Axes
 12044 | D:10     | Noticed Sonja
 12054 | D:10     | Killed Sonja
 12323 | D:10     | Killed an oklob plant
 12324 | D:10     | Reached skill level 10 in Fighting
 12324 | D:10     | Reached skill level 10 in Shields
 12324 | D:10     | Reached XP level 12. HP: 77/77 MP: 4/12
 12401 | D:10     | Reached skill level 10 in Armour
 12581 | D:10     | Noticed Erica
 12597 | D:10     | Killed Erica
 12726 | D:11     | Noticed Snorg
 12753 | D:11     | HP: 5/115 [Snorg (4)]
 12754 | D:11     | Killed Snorg
 13177 | D:11     | Noticed Psyche
 13193 | D:11     | Killed Psyche
 13523 | D:11     | Found Libb's Weapon Boutique.
 13579 | D:11     | Noticed a four-headed hydra
 13630 | D:11     | Killed a one-headed hydra
 13811 | D:12     | Noticed a four-headed hydra
 13823 | D:12     | Killed a one-headed hydra
 13842 | D:12     | Reached skill level 12 in Axes
 13874 | D:12     | Found a gate leading to a gauntlet.
 13883 | Gauntlet | Entered a Gauntlet
 13883 | Gauntlet | Found a transporter.
 13970 | Gauntlet | Found a transporter.
 13972 | Gauntlet | Found a transporter.
 13985 | Gauntlet | Found a transporter.
 13986 | Gauntlet | Found a transporter.
 13992 | Gauntlet | Noticed a thrashing horror
 14002 | Gauntlet | Found a transporter.
 14007 | Gauntlet | Noticed a quicksilver ooze
 14008 | Gauntlet | Found a runed translucent door.
 14010 | Gauntlet | Found a transporter.
 14012 | Gauntlet | Found a runed translucent door.
 14019 | Gauntlet | Noticed a blizzard demon
 14031 | Gauntlet | Found a transporter.
 14038 | Gauntlet | Found a transporter.
 14053 | Gauntlet | Found a transporter.
 14064 | Gauntlet | Found a transporter.
 14065 | Gauntlet | Found a transporter.
 14107 | Gauntlet | Found a transporter.
 14121 | Gauntlet | Found a transporter.
 14545 | Gauntlet | Paralysed by a floating eye for 4 turns
 14550 | Gauntlet | Paralysed by a floating eye for 3 turns
 14621 | Gauntlet | Killed a blizzard demon
 14625 | Gauntlet | Identified the ring "Xium" {*Corrode *Slow +Blink rC+
                  | Dex+6}
 14632 | Gauntlet | Noticed a minotaur
 14644 | Gauntlet | Slain by a minotaur

Illustrated notes

Levels and vault maps discovered:
D:1:      dpeg_arrival_rooms_a, layout_loops_cross,
          chequers_serial_rivers_small_a, chequers_serial_rivers_small_b
D:2:      layout_rooms, shapermc_ecumenical_altar_rom_forum,
          minmay_fractal_squares_gapless_5, uniq_terence
D:3:      layout_basic, led_sif_pool, minmay_between
D:4:      layout_rooms, minmay_temple_entry_ruins, hangedman_decor_peaks_small,
          serial_bayou_pond_d
D:5:      layout_cave_pools, old_standard_altar, grunt_ministairs_1,
          supply_closet_lemuel, uniq_grinder
D:6:      layout_rooms, jmf_multi_god_temple, minmay_microvault
D:7:      layout_rooms, mainiacjoe_overflow_concentric_impassable,
          kennysheep_another_room, uniq_menkaure
D:8:      layout_basic, kennysheep_mini_moat, serial_shops, nicolae_shop_trees
D:9:      minmay_ornate_pinched, layout_long_grid, uniq_pikel, uniq_joseph,
          uniq_maurice
D:10:     layout_loops_ring, mainiacjoe_overflow_boulevard, dpeg_oklobed_lair,
          uniq_erica, uniq_grum, uniq_fannar, uniq_sonja
D:11:     layout_rooms, serial_shops, nicolae_square_shop, uniq_psyche,
          uniq_snorg
D:12:     dreamdust_isle_of_ice, layout_rooms,
          kennysheep_orc_monster_closet_entryway, gauntlet_entry_generic,
          gammafunk_ghost_necromancy
Temple:   regret_index_temple_waves
Gauntlet: minmay_gauntlet_77_tree [minmay_gauntlet_arena_77_hold_the_fort,
          minmay_gauntlet_arena_77_fan, minmay_gauntlet_arena_77_double_cross,
          minmay_gauntlet_arena_77_mess,
          minmay_gauntlet_arena_77_radiant_squares,
          minmay_gauntlet_arena_77_shame_cube,
          minmay_gauntlet_arena_77_two_lines, gauntlet_exit_green]

Skill      XL: |  1  2  3  4  5  6  7  8  9 10 11 12 |
---------------+-------------------------------------+-----
Axes           | 2 3 4 5 7 8 9 11 12 | 12.2
Fighting       | 4 5 6 7 8 10 | 10.7
Armour         | 4 5 6 7 8 9 10 | 10.7
Shields        | 4 5 6 7 8 10 | 10.7

Action                   |  1- 3 |  4- 6 |  7- 9 | 10-12 || total
-------------------------+-------+-------+-------+-------++-------
Melee: War axe           |    82 |   230 |   246 |       ||   558
       Hand axe          |       |       |    55 |   524 ||   579
       Scimitar          |       |       |       |    11 ||    11
Invok: Berserk           |       |       |     3 |    13 ||    16
       Trog's Hand       |       |       |       |     1 ||     1
Evoke: Wand              |       |       |       |    16 ||    16
  Use: Potion            |       |     1 |     1 |     6 ||     8
       Scroll            |       |     1 |    13 |     5 ||    19
 Stab: Paralysed         |       |       |       |    10 ||    10
Armor: Scale mail        |    37 |     8 |       |       ||    45
       Chain mail        |       |   188 |   232 |   279 ||   699
Dodge: Dodged            |    43 |   106 |    96 |   167 ||   412
Block: Buckler           |    13 |    68 |    35 |       ||   116
       Tower shield      |       |       |    73 |   408 ||   481
